 Dungeon Crawl Stone Soup version 0.27.1-34-g3ba077fa99 (webtiles) character file.

Game seed: 3355659417429764332

83 growler the Gusty (level 4, 0/24 HPs)
             Began as a Tengu Air Elementalist on Jan 17, 2022.
             Killed from afar by a dart slug (3 damage)
             ... with a slug dart
             ... on level 3 of the Dungeon.
             The game lasted 00:07:28 (2643 turns).

growler the Gusty (Tengu Air Elementalist)          Turns: 2643, Time: 00:07:28

Health: 0/24       AC:  5    Str:  9    XL:     4   Next: 44%
Magic:  3/9        EV: 12    Int: 16    God:
Gold:   108        SH:  0    Dex: 14    Spells: 2/8 levels left

rFire    . . .     SeeInvis .   e - staff of air
rCold    . . .     Faith    .   (no shield)
rNeg     . . .     Spirit   .   a - +0 robe
rPois    .         Reflect  .   (helmet restricted)
rElec    +         Harm     .   k - +1 cloak
rCorr    .         Rampage  .   d - +0 pair of gloves
Will     .....                  (boots unavailable)
Stlth    ++........             (no amulet)
HPRegen  0.08/turn              (no ring)
MPRegen  0.11/turn              (no ring)

@: no status effects
A: beak, talons 3
a: no special abilities


You were on level 3 of the Dungeon.
You visited 1 branch of the dungeon, and saw 3 of its levels.

You collected 108 gold pieces.

Inventory:

Armour
 a - a +0 robe (worn)
 d - a +0 pair of gloves (worn)
   (You found it on level 1 of the Dungeon)
 k - a +1 cloak (worn)
   (You took it off Crazy Yiuf on level 2 of the Dungeon)
Magical Staves
 e - a staff of air (weapon)
   (You found it on level 1 of the Dungeon)
Jewellery
 b - a ring of flight
   (You found it on level 1 of the Dungeon)
 j - a ring of resist corrosion
   (You found it on level 2 of the Dungeon)
Scrolls
 f - a scroll of enchant weapon {unknown}
 i - 3 scrolls of identify {unknown}
Potions
 c - a potion of lignification {unknown}
 g - a potion of brilliance {unknown}
 h - a potion of curing {@q1}
 l - a potion of magic {unknown}


   Skills:
 - Level 2.1 Dodging
 - Level 2.0 Stealth
 + Level 2.9 Spellcasting
 + Level 3.2 Conjurations
 + Level 5.1 Air Magic


You had 2 spell levels left.
You knew the following spells:

 Your Spells              Type           Power      Damage    Failure   Level
a - Shock                 Conj/Air       92%        1d8       3%          1
d - Static Discharge      Conj/Air       23%        N/A       4%          2
s - Swiftness             Air            28%        N/A       7%          3

Your spell library contained the following spells:

 Spells                   Type           Power      Damage    Failure   Level
 Airstrike                Air            14%        N/A       22%         4


Dungeon Overview and Level Annotations

Branches:
Dungeon (3/15)

Altars:

Annotations:
D:3 Grinder


Innate Abilities, Weirdness & Mutations

You have a beak for a mouth.
You have claws for feet.


Message History

Grinder gestures at you. Pain shoots through your body!
Ouch! That really hurt!
* * * LOW HITPOINT WARNING * * *
Grinder blinks!
There is a stone staircase leading up here.
You climb upwards.
There is a stone staircase leading down here.
You start resting.
You climb downwards.
Level annotation: Grinder
There is a stone staircase leading up here.
Grinder closely misses you.
You feel a surge of power!
Grinder is struck by an arc of lightning.
You resist.
You are struck by an arc of lightning.
Grinder gestures at you. Pain shoots through your body!
You feel a surge of power!
Grinder is struck by an arc of lightning!
The lightning grounds out.
Grinder barely misses you.
You feel a surge of power!
Grinder is struck by an arc of lightning.
You resist.
You are struck by an arc of lightning.
Grinder is struck by an arc of lightning.
The lightning grounds out.
Grinder barely misses you.
You feel a surge of power!
Grinder is struck by an arc of lightning.
You resist.
You are struck by an arc of lightning.
The lightning grounds out.
Grinder closely misses you. Grinder gestures at you.
You resist with significant effort. Grinder gestures at you.
You suddenly lose the ability to move!
Grinder drinks a potion.
Grinder is healed!
Grinder blinks!
Grinder blinks!
You can move again.
Grinder gestures at you. Pain shoots through your body!
Ouch! That really hurt!
* * * LOW HITPOINT WARNING * * *
Grinder rolls her eyes.
Grinder gestures at you.
You shrug off the repeated paralysis!
Grinder blinks!
The dart slug misses you. The dart slug launches a dart at you.
The slug dart hits you.
You die...

#####...##........#....###.#####.
...............................#.
.####...#<...#####.#.#####.#.#.#.
#####........#.#.#.....#.#.#.
#....###.#.#.#.#######.#. #.#.##
#.#.#.#.#.......#. #.#.#
#...w.....#####.#.
#.#.######.#.#.########..
#.#.....@....#.#.........
#.############.......#... ..
..........#.......
#########..#.#.#...
.........w.#.#.#...
###################..5#.#.#...
#.......#....# #...#.###...
#.#####.#.##.# #...#.. #...
##.#####.#.##.######...###.# .


You could see a dart slug.

Vanquished Creatures
  Crazy Yiuf (D:2)
  An adder (D:2)
  A worm (D:2)
  2 dart slugs
  2 ball pythons (D:1)
  4 bats
  7 endoplasms (D:2)
  5 giant cockroaches
  3 goblins
  2 hobgoblins
  A quokka (D:2)
  2 frilled lizards
  4 kobolds
  2 rats
37 creatures vanquished.

Notes
Turn   | Place    | Note
-------+----------+-------------------------------------------
     0 | D:1      | growler the Tengu Air Elementalist began the quest for the
                  | Orb.
     0 | D:1      | Reached XP level 1. HP: 10/10 MP: 4/4
   276 | D:1      | Reached XP level 2. HP: 15/15 MP: 4/6
   279 | D:1      | Learned a level 2 spell: Static Discharge
   994 | D:2      | Reached XP level 3. HP: 19/19 MP: 3/7
  1039 | D:2      | Learned a level 3 spell: Swiftness
  1432 | D:2      | Found a runed translucent door.
  1433 | D:2      | Noticed Crazy Yiuf
  1585 | D:2      | Found a faded altar of an unknown god.
  1915 | D:2      | Killed Crazy Yiuf
  1916 | D:2      | Reached skill level 5 in Air Magic
  1916 | D:2      | Reached XP level 4. HP: 16/24 MP: 3/9
  2248 | D:3      | Noticed Grinder
  2279 | D:3      | Paralysed by Grinder for 7 turns
  2293 | D:3      | Paralysed by Grinder for 5 turns
  2627 | D:3      | Paralysed by Grinder for 7 turns
  2643 | D:3      | Killed from afar by a dart slug

Illustrated notes

Levels and vault maps discovered:
D:1:      dpeg_arrival_simpleton_a, layout_basic,
          hangedman_abyss_or_decor_lesser_grid
D:2:      layout_rooms, ebering_ecumenical_altar_ruins, uniq_crazy_yiuf_cottage
D:3:      cheibrodos_old_hovel, layout_basic,
          mainiacjoe_overflow_concentric_impassable, serial_shops,
          nicolae_shop_behind_doors, gammafunk_ghost_cemetery, uniq_grinder,
          uniq_ijyb

Skill      XL: |  1  2  3 |
---------------+----------+-----
Conjurations   | 2 3 |  3.2
Air Magic      | 5 |  5.1
Dodging        | |  2.1
Stealth        | |  2.0
Spellcasting   | |  2.9

Action                   |  1- 3 |  4- 6 || total
-------------------------+-------+-------++-------
Melee: Staff             |     4 |       ||     4
       Kick              |     2 |       ||     2
       Peck              |     1 |       ||     1
 Cast: Shock             |    67 |     6 ||    73
       Static Discharge  |     1 |     4 ||     5
Armor: Robe              |     1 |     1 ||     2
Dodge: Dodged            |     1 |     7 ||     8
